 Dungeon Crawl Stone Soup version 0.24-a0-107-g431b8d2fe3 (webtiles) character file.

Game seed: 9982804868899456675

144 Niddhogr the Stinger (level 5, -3/35 HPs)
             Began as a Formicid Venom Mage on Feb 14, 2019.
             Killed by divine providence
             ... invoked by an orc priest
              (15 damage)
             ... on level 3 of the Dungeon.
             The game lasted 00:08:17 (3344 turns).

Niddhogr the Stinger (Formicid Venom Mage)          Turns: 3344, Time: 00:08:17

Health: -3/35      AC:  3    Str: 13    XL:     5   Next: 51%
Magic:  3/8        EV: 11    Int: 15    God:
Gold:   174        SH:  0    Dex: 11    Spells: 2/8 levels left

rFire    . . .     SeeInvis +   p - +2 dagger (protect)
rCold    . . .     Gourm    .   (no shield)
rNeg     . . .     Faith    .   a - +0 robe
rPois    .         Spirit   .   (helmet unavailable)
rElec    .         Reflect  .   (no cloak)
rCorr    .         Harm     .   x - +0 pair of gloves (curse)
MR       .....                  (no boots)
Stlth    ++........             t - amulet of regeneration
HPRegen  0.51/turn              (no ring)
MPRegen  0.11/turn              (no ring)

@: drained
A: permanent stasis, dig shafts and tunnels, four strong arms, antennae 3
a: Dig, Shaft Self


You were on level 3 of the Dungeon.
You were not hungry.

You visited 1 branch of the dungeon, and saw 3 of its levels.

You collected 174 gold pieces.

Inventory:

Hand Weapons
 g - a +0 spear
 p - a +2 dagger of protection (weapon)
Missiles
 f - 5 poisoned tomahawks (quivered)
 o - 2 exploding tomahawks
Armour
 a - a +0 robe (worn)
 x - a cursed +0 pair of gloves (worn)
Jewellery
 s - an uncursed ring of ice {unknown}
 t - an amulet of regeneration (around neck)
Wands
 w - a wand of polymorph (6)
Scrolls
 b - 3 scrolls of remove curse {unknown}
 e - 4 scrolls of identify {unknown}
 k - 2 scrolls of teleportation {unknown}
 l - a scroll of amnesia {unknown}
 m - a scroll of blinking {unknown}
 n - 3 scrolls of enchant weapon {unknown}
 r - a scroll of magic mapping {unknown}
Potions
 d - a potion of heal wounds {unknown}
 h - a potion of lignification {unknown}
 i - 2 potions of degeneration {unknown}
 j - 2 potions of brilliance {unknown}
 v - a potion of berserk rage {unknown}
Comestibles
 c - 4 rations


   Skills:
 - Level 1.7(0.8) Dodging
 - Level 2.4(1.4) Stealth
 - Level 2.1(1.2) Spellcasting
 - Level 2.0(1.0) Conjurations
 + Level 7.1(6.0) Poison Magic


You had 2 spell levels left.
You knew the following spells:

 Your Spells              Type           Power        Failure   Level  Hunger
a - Sting                 Conj/Pois      ##..         5%          1    ##.....
b - Poisonous Vapours     Pois/Air       #.....       11%         2    ###....
c - Mephitic Cloud        Conj/Pois/Air  #.......     26%         3    ####...

Your spell library contained the following spells:

 Spells                   Type           Power        Failure   Level  Hunger
 Olgreb's Toxic Radiance  Pois           ###.....     21%         4    #####..
 Venom Bolt               Conj/Pois      ##........   83%         5    ######.


Dungeon Overview and Level Annotations

Branches:
Dungeon (3/15)

Altars:

Annotations:
D:3 Sigmund


Innate Abilities, Weirdness & Mutations

You cannot be hasted, slowed, berserked, paralysed or teleported.
You can dig through walls and to a lower floor.
Your four strong arms can wield two-handed weapons with a shield.
You have a pair of large antennae on your head. (SInv)


Message History

You see here a ball python skeleton.
The orc priest is no longer moving quickly.
The orc priest calls down the wrath of Beogh upon you.
Beogh smites you!
* * * LOW HITPOINT WARNING * * *
You feel better. The orc closely misses you.
The orc priest invokes the aid of Beogh against you.
Beogh smites you!
* * * LOW HITPOINT WARNING * * *
Sigmund points at you and mumbles some strange words.
You resist with some effort.
You feel better. The orc barely misses you. The orc priest barely misses you.
Your magical contamination has completely faded away.
The teleport trap disappears.
The orc disappears!
The orc priest mumbles some strange prayers to Beogh against you.
You struggle to resist.
The orc priest calls down the wrath of Beogh upon you.
Beogh smites you!
You die...

..# ## ..##.# .. ..##.# #.
#.##.#.# >... #.
#.##.#.##....... #.
#.##.#.........## #.#
#.##.#.......... .
#.#######.##.#.#.#.#.#.#.#.
#..(..)...##@#.............
#..####......§#.#.#.#.#.#.#.
#..# #.....................
#..# +......#o#.#.#.#.#.#.#.
#..# #.....................
#..# #.....#.#@#÷#.#.#.#.#.
#..# #.........o...........
#<.# #....#.#.#.#.#(#.#.#.#.
##.# ####...................


You could see Sigmund and 2 orc priests.

Vanquished Creatures
  A crimson imp (D:3)
  Ijyb (D:3)
  An adder (D:2)
  2 oozes (D:2)
  A worm (D:3)
  4 dart slugs
  A ball python (D:3)
  A giant cockroach (D:2)
  5 hobgoblins
  4 jackals (D:1)
  7 kobolds
  2 quokkas
  7 bats
  5 frilled lizards
  10 goblins
  5 rats
57 creatures vanquished.

Notes
Turn   | Place    | Note
-------+----------+-------------------------------------------
     0 | D:1      | Niddhogr the Formicid Venom Mage began the quest for the
                  | Orb.
     0 | D:1      | Reached XP level 1. HP: 13/13 MP: 3/3
   120 | D:1      | Reached skill level 1 in Conjurations
   396 | D:1      | Reached XP level 2. HP: 17/19 MP: 5/5
   515 | D:1      | Learned a level 2 spell: Poisonous Vapours
   704 | D:1      | Reached XP level 3. HP: 13/24 MP: 1/6
  1232 | D:1      | Reached skill level 5 in Poison Magic
  1801 | D:2      | Learned a level 3 spell: Mephitic Cloud
  1893 | D:2      | Reached XP level 4. HP: 18/30 MP: 7/7
  2711 | D:2      | Reached skill level 6 in Poison Magic
  2792 | D:3      | Noticed Ijyb
  2853 | D:3      | Killed Ijyb
  2853 | D:3      | Reached XP level 5. HP: 35/35 MP: 2/8
  3244 | D:3      | Reached skill level 7 in Poison Magic
  3332 | D:3      | Noticed Sigmund
  3344 | D:3      | Killed from afar by an orc priest

Levels and vault maps discovered:
D:1:      dpeg_arrival_three_same_balls, layout_basic, serial_park_tiny_pond
D:2:      layout_basic
D:3:      layout_basic, yredelemnul_altar_generic, minmay_stone_trees_small,
          kennysheep_minor_cross, hex_large, xom_teletrap_fun, uniq_jessica,
          uniq_ijyb, uniq_sigmund

Skill      XL: |  1  2  3  4  5 |
---------------+----------------+-----
Conjurations   | 1 2 |  2.0
Poison Magic   | 5 6 7 |  7.1
Dodging        | |  1.7
Stealth        | |  2.4
Spellcasting   | |  2.1

Action                   |  1- 3 |  4- 6 || total
-------------------------+-------+-------++-------
Melee: Spear             |   100 |       ||   100
       Unarmed           |     7 |    12 ||    19
       Dagger            |     8 |   257 ||   265
 Cast: Sting             |    12 |       ||    12
       Poisonous Vapours |     3 |     7 ||    10
       Mephitic Cloud    |       |     1 ||     1
  Use: Potion            |       |     3 ||     3
 Stab: Sleeping          |     6 |     2 ||     8
  Eat: Chunk             |     4 |     4 ||     8
       Ration            |       |     1 ||     1
Armor: Robe              |    18 |    90 ||   108
Dodge: Dodged            |    56 |   158 ||   214

Table legend:
 A = Non-vault XP
 B = Vault XP
 C = Vault XP percentage of total XP
 D = Non-vault monster count
 E = Vault monster count
 F = Vault count percentage of total count
                 A         B        C        D         E       F
            +---------+---------+-------+---------+---------+-------
      Total |     171 |      35 |  17.0 |      56 |       1 |   1.8
            +---------+---------+-------+---------+---------+-------
        D:1 |      52 |       0 |   0.0 |      29 |       0 |   0.0
        D:2 |      52 |       0 |   0.0 |      18 |       0 |   0.0
        D:3 |      67 |      35 |  34.3 |       9 |       1 |  10.0
            +---------+---------+-------+---------+---------+-------
